 Dungeon Crawl Stone Soup version 0.26-a0-30-g56b8cd3df0 (webtiles) character file.

Game seed: 1680941762994207916, levelgen mode: deterministic

86 Lugonue the Ruffian (level 4, 0/30 (34) HPs)
             Began as a Demonspawn Gladiator on June 3, 2020.
             Was an Initiate of Wu Jian.
             Slain by a necrophage (5 damage)
             ... on level 2 of the Dungeon.
             The game lasted 00:02:52 (2648 turns).

Lugonue the Ruffian (Demonspawn Gladiator)          Turns: 2648, Time: 00:02:52

HP:   0/30 (34)     AC:  4    Str: 16    XL:     4   Next: 27%
MP:   4/4           EV: 13    Int:  9    God:    Wu Jian [......]
Gold: 56            SH:  0    Dex: 14    Spells: 3/3 levels left

rFire    . . .     SeeInvis .     - Unarmed
rCold    . . .     Gourm    .   (no shield)
rNeg     . . .     Faith    .   a - +0 leather armour
rPois    .         Spirit   .   (helmet restricted)
rElec    .         Reflect  .   p - +0 cloak
rCorr    .         Harm     .   (no gloves)
MR       .....                  (no boots)
Stlth    +.........             (no amulet)
HPRegen  0.00/turn              (no ring)
MPRegen  0.09/turn              (no ring)

@: non-regenerating, diseased
A: antennae 1, powered by death 1
a: Renounce Religion


You were on level 2 of the Dungeon.
You worshipped Wu Jian.
Wu Jian was noncommittal.
You were hungry.

You visited 1 branch of the dungeon, and saw 3 of its levels.

You collected 56 gold pieces.

Inventory:

Missiles
 c - 3 throwing nets (quivered)
Armour
 a - a +0 leather armour (worn)
 b - a +0 helmet
 p - a +0 cloak (worn)
Wands
 f - a wand of flame (5)
Scrolls
 e - 2 scrolls of identify {unknown}
 k - a scroll of enchant weapon {unknown}
 l - a scroll of fog {unknown}
 m - 2 scrolls of magic mapping {unknown}
 n - a scroll of random uselessness {unknown}
 q - a scroll of noise {unknown}
 s - a scroll of remove curse {unknown}
Potions
 g - a potion of brilliance {unknown}
 h - a potion of magic
 j - a potion of haste {unknown}
 o - a potion of berserk rage {unknown}
 r - a potion of curing {unknown}
Comestibles
 d - 3 rations


   Skills:
 * Level 2.4 Fighting
 + Level 1.8 Throwing
 + Level 1.0 Armour
 + Level 3.0 Dodging
 + Level 0.1 Stealth
 * Level 3.9 Unarmed Combat
 + Level 0.1 Evocations


You had 3 spell levels left.
You didn't know any spells.
Your spell library was empty.

Dungeon Overview and Level Annotations

Branches:
Dungeon (3/15)

Altars:
Dithmenos
Wu Jian

Annotations:
D:2 2 transporters


Innate Abilities, Weirdness & Mutations

You have a pair of small antennae on your head.
You regenerate a little health from kills.


Message History

You hit the necrophage.
The necrophage is almost destroyed.
The necrophage closely misses you.
You closely miss the necrophage.
The necrophage is almost destroyed.
The necrophage hits you.
You closely miss the necrophage.
The necrophage is almost destroyed.
The necrophage hits you.
* * * LOW HITPOINT WARNING * * *
You closely miss the necrophage.
You punch the necrophage, but do no damage.
The necrophage is almost destroyed.
The necrophage hits you.
* * * LOW HITPOINT WARNING * * *
You feel your flesh rotting away!
There is a stone staircase leading up here.
It was a potion of magic.
Magic courses through your body. The necrophage hits you.
You die...

###..###....###.## #.#...<..#
#....# #...## #.# ##.#...#.#
#....# ###.# #.# #.##.##.###
#....# #.####.# #.##......#
###..## ##......# #.##>.....#
#...###..###.## #.#........
##........##.# #.#.......#
#)###.......########.#.......#
#.# #.......n@..........##.###
#.###.......########.##.##.#
#..>.......................#
#.###.......#########......###
#.# #.......# #......... #.#
#.......# #.....#### #.#
####.#### #.....# #.######.#
####### #........#


You could see a necrophage.

Vanquished Creatures
  3 adders (D:2)
  2 worms (D:2)
  A ball python (D:1)
  3 bats
  2 giant cockroaches (D:1)
  3 goblins (D:1)
  7 hobgoblins
  10 jackals
  7 kobolds
  A quokka (D:2)
  4 frilled lizards
  8 rats
51 creatures vanquished.

Notes
Turn   | Place    | Note
-------+----------+-------------------------------------------
     0 | D:1      | Lugonue the Demonspawn Gladiator began the quest for the
                  | Orb.
     0 | D:1      | Reached XP level 1. HP: 16/16 MP: 1/1
   220 | D:1      | Gained mutation: You have a pair of small antennae on your
                  | head. [demonic ancestry]
   220 | D:1      | Reached XP level 2. HP: 17/22 MP: 2/2
   948 | D:1      | Gained mutation: You regenerate a little health from kills.
                  | [demonic ancestry]
   948 | D:1      | Reached XP level 3. HP: 15/27 MP: 3/3
  2081 | D:2      | Reached skill level 1 in Armour
  2103 | D:2      | Reached XP level 4. HP: 25/33 MP: 4/4
  2244 | D:2      | Found an ornate altar of the Wu Jian Council.
  2251 | D:2      | Became a worshipper of the Wu Jian Council
  2300 | D:2      | Found a transporter.
  2300 | D:2      | Noticed a water moccasin
  2304 | D:2      | Found a transporter.
  2336 | D:2      | Found a shadowy altar of Dithmenos.
  2613 | D:3      | Noticed a necrophage
  2648 | D:2      | Slain by a necrophage

Illustrated notes

Levels and vault maps discovered:
D:1:      dpeg_arrival_rhombi, layout_basic, minivault_23
D:2:      layout_loops_ring, nicolae_overflow_crystal_walls,
          gammafunk_temple_overflow_arena
D:3:      layout_basic, marbit_many_paths, serial_co_window_serial,
          co_window_paths_a, co_window_corner_a, co_window_paths_a,
          co_window_paths_b, co_window_paths_a, co_window_cross_3,
          co_window_2corner, co_window_broadway_a, co_window_paths_c,
          co_window_4corner_a, glass_columns_a, glass_columns_c,
          glass_columns_c, serial_park_tiny_1

Skill      XL: |  1  2  3 |
---------------+----------+-----
Unarmed Combat | 3 |  3.9
Dodging        | 3 |  3.0
Armour         | 1 |  1.0
Fighting       | |  2.4
Throwing       | |  1.8
Stealth        | |  0.1
Evocations     | |  0.1

Action                   |  1- 3 |  4- 6 || total
-------------------------+-------+-------++-------
Melee: Unarmed           |   177 |    52 ||   229
       Punch             |     5 |     1 ||     6
Invok: Lunge             |       |     4 ||     4
Evoke: Wand              |     8 |       ||     8
  Use: Potion            |     1 |     1 ||     2
 Stab: Sleeping          |     1 |       ||     1
  Eat: Chunk             |     4 |     1 ||     5
Armor: Leather armour    |    45 |    15 ||    60
       Skin              |     6 |       ||     6
Dodge: Dodged            |    90 |    28 ||   118

Table legend:
 A = Non-vault XP
 B = Vault XP
 C = Vault XP percentage of total XP
 D = Non-vault monster count
 E = Vault monster count
 F = Vault count percentage of total count
                 A         B        C        D         E       F
            +---------+---------+-------+---------+---------+-------
      Total |     124 |       0 |   0.0 |      51 |       0 |   0.0
            +---------+---------+-------+---------+---------+-------
        D:1 |      43 |       0 |   0.0 |      26 |       0 |   0.0
        D:2 |      81 |       0 |   0.0 |      25 |       0 |   0.0
            +---------+---------+-------+---------+---------+-------
